 Dungeon Crawl Stone Soup version 0.14-a0-882-gdff4d47 (webtiles) character file.

838 JacquesDerrida the Cleaver (level 7, 0/57 HPs)
             Began as a Hill Orc Gladiator on Nov 17, 2013.
             Was a Believer of Beogh.
             Slain by an orc warrior
             ... wielding a +0,+1 orcish flail
              (17 damage)
             ... on Level 6 of the Dungeon.
             The game lasted 00:08:28 (3685 turns).

JacquesDerrida the Cleaver (Hill Orc Gladiator)     Turns: 3685, Time: 00:08:29

HP   0/57        AC 12     Str 19      XL: 7   Next: 34%
MP   6/6         EV  7     Int  9      God: Beogh [**....]
Gold 265         SH  0     Dex 13      Spells:  0 memorised,  6 levels left

Res.Fire  : . . .   See Invis. : +   w - +0 war axe
Res.Cold  : . . .   Warding    : .   q - +0 orc chain mail
Life Prot.: . . .   Conserve   : .   (no shield)
Res.Poison: .       Res.Corr.  : .   i - +1 helmet
Res.Elec. : .       Clarity    : .   (no cloak)
Sust.Abil.: . .     Spirit.Shd : .   (no gloves)
Res.Mut.  : .       Stasis     : .   (no boots)
Res.Rott. : .       Flight     : .   (no amulet)
Saprovore : + . .                    s - +2 ring of dexterity
                                     h - ring of see invisible

@: slightly resistant to hostile enchantments, extremely unstealthy
A: saprovore 1
a: Smiting, Renounce Religion


You were on level 6 of the Dungeon.
You worshipped Beogh.
Beogh was pleased with you.
You were not hungry.

You visited 1 branch of the dungeon, and saw 6 of its levels.
You also visited: Ossuary.

You collected 265 gold pieces.

Inventory:

Hand weapons
 w - a +0,+0 war axe (weapon)
 C - a +0,+2 orcish hand axe
Missiles
 d - 3 throwing nets (quivered)
 G - 7 curare-tipped needles
Armour
 b - a +0 orcish leather armour
 c - a +0 orcish helmet
 i - a +1 helmet (worn)
 q - a +0 orcish chain mail (worn)
Magical devices
 z - a wand of invisibility (4)
 B - a wand of flame (12)
Comestibles
 f - 3 meat rations
 D - 2 bread rations
Scrolls
 e - 10 scrolls of identify
 k - a scroll of amnesia {unknown}
 m - 2 scrolls of teleportation
 n - a scroll of enchant armour {unknown}
 o - 5 scrolls of blinking {unknown}
 t - a scroll of enchant weapon I {unknown}
 v - a scroll of recharging {unknown}
 y - a scroll of curse jewellery {unknown}
 A - 3 scrolls of remove curse {unknown}
Jewellery
 h - a ring of see invisible (left hand)
 s - a +2 ring of dexterity (right hand)
Potions
 a - a potion of restore abilities {unknown}
 g - 3 potions of brilliance
 j - a potion of might {unknown}
 l - 3 potions of mutation {unknown}
 p - a potion of resistance {unknown}
 r - 5 potions of heal wounds {unknown}
 u - 3 potions of curing
 x - 2 potions of speed {unknown}
 E - a potion of cure mutation {unknown}
 H - a potion of beneficial mutation {unknown}


   Skills:
 - Level 2.4 Fighting
 * Level 9.4 Axes
 - Level 2.0 Throwing
 + Level 4.1 Armour
 - Level 2.4 Dodging


You had 6 spell levels left.
You didn't know any spells.

Dungeon Overview and Level Annotations

Branches:
Dungeon (6/16)             Temple (0/1) D:4
    Orc: D:6-11

Altars:
Vehumet


Innate Abilities, Weirdness & Mutations

You can tolerate rotten meat.


Message History

You hit the orc priest.
The orc priest is severely wounded.
You completely miss the orc.
The orc is almost dead.
You hit the orc but do no damage.
You hit the orc warrior but do no damage.
The orc warrior is heavily wounded.
The orc warrior hits you with an orcish flail!
The orc hits you with an orcish hand axe.
* * * LOW HITPOINT WARNING * * *
The orc hits you but does no damage.
The orc priest hits you but does no damage.
You hit the orc warrior but do no damage.
The orc warrior is heavily wounded.
You barely miss the orc.
The orc is almost dead.
You closely miss the orc priest.
The orc priest is severely wounded.
The orc warrior hits you with an orcish flail!
You die...

. #... #... #..#
#####..#
#...#..## .
#...#...# #.#
#...#o..# #.#
##..@og.# #.#
#..oo.## #.#
#.....# #.###.
####..# #...#.#
#..# #...#.# #..#
#...#.#
#..####.###.#####
#................
##.####.###.#...#


You could see an orc warrior, an orc priest, 2 orcs and a goblin.

Vanquished Creatures
  2 centaur zombies (Ossuary)
  2 hounds
  An iguana (D:5)
  A scorpion (D:4)
  An elf zombie (Ossuary)
  Ijyb (D:3)
  3 big kobold zombies (Ossuary)
  A hound zombie (D:5)
  2 mummies (Ossuary)
  7 gnolls
  3 adders
  A worm zombie (D:4)
  5 worms
  5 giant geckos
  An ooze (D:3)
  8 orcs
  A ball python (D:2)
  11 bats
  A bat skeleton (D:5)
  5 giant cockroaches
  9 goblins
  14 hobgoblins
  3 jackals (D:5)
  4 kobolds
  11 giant newts
  10 hobgoblin zombies (Ossuary)
  A human zombie (Ossuary)
  A jackal zombie (Ossuary)
  A kobold skeleton (D:6)
  9 kobold zombies (Ossuary)
  7 orc zombies (Ossuary)
  2 quokkas (D:2)
  15 rats
  A rat skeleton (D:5)
  3 rat zombies (Ossuary)
153 creatures vanquished.

Notes
Turn   | Place    | Note
--------------------------------------------------------------
     0 | D:1      | JacquesDerrida, the Hill Orc Gladiator, began the quest for the Orb.
     0 | D:1      | Reached XP level 1. HP: 18/18 MP: 0/0
    91 | D:1      | Reached XP level 2. HP: 22/25 MP: 1/1
   238 | D:1      | Reached skill level 5 in Axes
   589 | D:2      | Reached XP level 3. HP: 30/30 MP: 2/2
  1088 | D:2      | Reached skill level 1 in Armour
  1163 | D:2      | Reached skill level 6 in Axes
  1163 | D:2      | Reached XP level 4. HP: 36/38 MP: 3/3
  1203 | D:3      | Noticed Ijyb
  1227 | D:3      | Killed Ijyb
  1735 | D:3      | Became a worshipper of Beogh the Brigand
  1807 | D:3      | Reached XP level 5. HP: 39/44 MP: 4/4
  2150 | D:4      | Found a radiant altar of Vehumet.
  2184 | D:4      | Found a staircase to the Ecumenical Temple.
  2215 | D:4      | Reached skill level 7 in Axes
  2218 | D:4      | Found a sand-covered staircase.
  2239 | Ossuary  | Entered an ossuary
  2255 | Ossuary  | Acquired Beogh's first power
  2346 | Ossuary  | Reached XP level 6. HP: 17/50 MP: 5/5
  2356 | Ossuary  | Reached skill level 8 in Axes
  2747 | D:4      | Acquired Beogh's second power
  2927 | D:5      | Entered Level 5 of the Dungeon
  3056 | D:5      | Reached XP level 7. HP: 41/57 MP: 6/6
  3158 | D:5      | Reached skill level 9 in Axes
  3685 | D:6      | Slain by an orc warrior

Action                   |  1- 3 |  4- 6 |  7- 9 || total
-------------------------+-------+-------+-------++-------
Melee: Hand axe          |   103 |   280 |       ||   383
       War axe           |       |    12 |    78 ||    90
Invok: Convert to Beogh  |       |     1 |       ||     1
Evoke: Wand              |     1 |       |       ||     1
  Use: Potion            |       |     5 |       ||     5
       Scroll            |       |     6 |       ||     6
